 Dungeon Crawl Stone Soup version 0.29.1-15-g9cfb28693d (webtiles) character file.

Game seed: 2627374179268942763

1413 LustLizard the Ruffian (level 8, 0/72 (80) HPs)
             Began as a Troll Fighter on Apr 2, 2023.
             Was a Follower of Wu Jian.
             Slain by a wight
             ... wielding a +0 great sword
              (6 damage)
             ... on level 6 of the Dungeon.
             The game lasted 00:06:54 (4006 turns).

LustLizard the Ruffian (Troll Fighter)              Turns: 4006, Time: 00:06:55

HP:   0/72 (80)     AC:  4    Str: 25    XL:     8   Next: 43%
MP:   7/7           EV:  8    Int:  6    God:    Wu Jian [*.....]
Gold: 239           SH:  8    Dex:  9    Spells: 7/7 levels left

rFire   . . .      SeeInvis .     - Unarmed
rCold   . . .      Faith    .   b - +0 kite shield
rNeg    . . .      Spirit   .   a - +0 robe
rPois   .          Reflect  .   (helmet restricted)
rElec   .          Harm     .   (no cloak)
rCorr   .          Rampage  .   (gloves unavailable)
Will    .....                   (boots unavailable)
Stlth   +.........              (no amulet)
HPRegen 1.02/turn               u - ring of wizardry
MPRegen 0.10/turn               (no ring)

@: heavily drained
A: large, unfitting armour, claws 3, regeneration 1, shaggy fur 1, tough skin 1
a: Renounce Religion


You were on level 6 of the Dungeon.
You worshipped Wu Jian.
Wu Jian was aware of your devotion.
You visited 1 branch of the dungeon, and saw 6 of its levels.

You collected 377 gold pieces.
You spent 138 gold pieces at shops.

Inventory:

Armour
 a - a +0 robe (worn)
 b - a +0 kite shield (worn)
Jewellery
 i - a ring of ice
 u - a ring of wizardry (left claw)
Wands
 d - a wand of mindburst (15)
Scrolls
 e - 4 scrolls of identify
 h - 7 scrolls of teleportation
 l - a scroll of noise {unknown}
 m - 2 scrolls of enchant weapon {unknown}
 p - a scroll of amnesia {unknown}
 v - a scroll of vulnerability {unknown}
 w - a scroll of immolation {unknown}
 y - a scroll of magic mapping
 z - a scroll of poison
Potions
 c - 3 potions of might
 f - 2 potions of lignification
 g - a potion of ambrosia {unknown}
 j - 2 potions of mutation
 k - 5 potions of curing
 n - a potion of haste {unknown}
 o - a potion of attraction {unknown}
 q - 2 potions of heal wounds
 r - a potion of flight {unknown}
 s - 2 potions of resistance
 t - a potion of cancellation {unknown}
Miscellaneous
 x - a piece from Xom's chessboard (15/15)


   Skills:
 + Level 5.0 Fighting
 - Level 2.4 Dodging
 + Level 5.4 Shields
 * Level 7.6 Unarmed Combat


You had 7 spell levels left.
You didn't know any spells.
Your spell library contained the following spells:

 Spells                   Type           Power      Damage    Failure   Level
 Magic Dart               Conj           0%         1d3       38%         1
 Call Imp                 Summ           0%         N/A       52%         2
 Gell's Gravitas          Tloc           0%         N/A       75%         3
 Mephitic Cloud           Conj/Pois/Air  0%         N/A       75%         3
 Teleport Other           Tloc           0%         N/A       75%         3
 Hailstorm                Conj/Ice       0%         3d3       98%         4
 Ice Form                 Ice/Tmut       0%         N/A       98%         4
 Dispersal                Tloc           0%         N/A       100%        6
 Simulacrum               Ice/Necr       0%         N/A       100%        6


Dungeon Overview and Level Annotations

Branches:
Dungeon (6/15)             Temple (0/1) D:6

Altars:
Fedhas
Wu Jian
Xom
Zin

Shops:
D:6 ?


Innate Abilities, Weirdness & Mutations

You are too large for most types of armour.
You have claws for hands.
Your natural rate of healing is unusually fast.
You are covered in fur. (AC +1)
You have tough skin. (AC +1)


Message History

You claw the gnoll!
The gnoll is almost dead.
You block the gnoll's attack.
You barely miss the gnoll.
The gnoll is almost dead.
The gnoll closely misses you.
You claw the gnoll!
You kill the gnoll!
The Council accepts your kill.
You barely miss the gnoll. The gnoll hits you with a +0 flail!
You mangle the gnoll!!
You kill the gnoll!
The Council accepts your kill. You block the gnoll's attack.
You lunge at the gnoll.
You mangle the gnoll!!
You kill the gnoll!
The Council accepts your kill.
Your Fighting skill increases to level 5!
Items here: ))) [ ††.
You barely miss the wight.
The wight hits you with a +0 great sword!!
* * * LOW HITPOINT WARNING * * *
You feel drained.
* * * LOW HITPOINT WARNING * * *
You closely miss the wight. You block the wight's attack.
You barely miss the wight.
The wight hits you with a +0 great sword!
* * * LOW HITPOINT WARNING * * *
You feel drained.
* * * LOW HITPOINT WARNING * * *
You scratch the wight.
The wight is heavily damaged.
You block the wight's attack.
You barely miss the wight.
The wight is heavily damaged.
You block the wight's attack.
You barely miss the wight.
The wight is heavily damaged.
The wight hits you with a +0 great sword.
You die...

#..g)# #....#
###..## #...#
###...###
#.......#####
#......zg.).#
#.......g##z# #
########...##.##@#
## .
............##.#
######. #
#####...#####.##
#.....# ##
##.#.......# #.
.### #.#.####..#
####.##### ...#
#†#.# #...#
#......... .#.#
#.#.# #...#
#.#...#### ##.#
##.### #####
#......##
##.#####..# ##>##
.... .....


You could see a wight.

Vanquished Creatures
  Sigmund (D:3)
  2 ice beasts (D:5)
  A bullfrog (D:6)
  3 scorpions (D:5)
  3 wights (D:6)
  2 orc priests (D:4)
  2 hounds
  A gnoll bouda (D:5)
  Ijyb (D:3)
  5 iguanas
  An orc wizard (D:4)
  14 gnolls
  9 adders
  A shadow imp (D:6)
  4 worms
  A dart slug (D:4)
  12 orcs
  7 ball pythons
  2 bats (D:1)
  4 endoplasms
  3 giant cockroaches
  6 hobgoblins
  9 jackals
  11 kobolds
  4 quokkas
  5 frilled lizards
  11 goblins
  5 rats
  2 butterflies (D:6)
132 creatures vanquished.

Notes
Turn   | Place    | Note
-------+----------+-------------------------------------------
     0 | D:1      | LustLizard the Troll Fighter began the quest for the Orb.
     0 | D:1      | Reached XP level 1. HP: 22/22 MP: 0/0
    66 | D:1      | Reached XP level 2. HP: 29/29 MP: 1/1
   318 | D:1      | Found a faded altar of an unknown god.
   608 | D:2      | Reached skill level 3 in Unarmed Combat
   608 | D:2      | Reached XP level 3. HP: 28/36 MP: 2/2
   804 | D:2      | Reached XP level 4. HP: 44/44 MP: 3/3
  1293 | D:3      | Noticed Ijyb
  1302 | D:3      | Killed Ijyb
  1328 | D:3      | Reached XP level 5. HP: 53/53 MP: 4/4
  1416 | D:3      | Reached skill level 4 in Unarmed Combat
  1753 | D:3      | Noticed Sigmund
  1772 | D:3      | Killed Sigmund
  1773 | D:3      | Reached XP level 6. HP: 56/61 MP: 5/5
  2019 | D:4      | Reached skill level 5 in Unarmed Combat
  2056 | D:4      | Found an ornate altar of the Wu Jian Council.
  2100 | D:4      | Noticed a spectral centipede
  2100 | D:4      | Noticed a spectral black mamba
  2100 | D:4      | Noticed a spectral cane toad
  2101 | D:4      | Became a worshipper of the Wu Jian Council
  2508 | D:4      | Found a glowing silver altar of Zin.
  2508 | D:4      | Noticed an angel
  2529 | D:5      | Entered Level 5 of the Dungeon
  2838 | D:5      | Reached XP level 7. HP: 68/68 MP: 6/6
  3039 | D:5      | Reached skill level 6 in Unarmed Combat
  3553 | D:5      | Reached * piety under Wu Jian
  3554 | D:5      | Reached skill level 5 in Shields
  3554 | D:5      | Reached XP level 8. HP: 32/79 MP: 7/7
  3742 | D:6      | Reached skill level 7 in Unarmed Combat
  3836 | D:6      | Found a blossoming altar of Fedhas.
  3853 | D:6      | Found a shimmering altar of Xom.
  3877 | D:6      | Found Giukk's Magic Scroll Shoppe.
  3883 | D:6      | Bought a scroll of magic mapping for 90 gold pieces
  3883 | D:6      | Bought a scroll of poison for 48 gold pieces
  3962 | D:6      | Found a staircase to the Ecumenical Temple.
  4001 | D:6      | Reached skill level 5 in Fighting
  4003 | D:6      | HP: 3/72 [wight/+0 great sword (3)]
  4006 | D:6      | Slain by a wight

Illustrated notes

Levels and vault maps discovered:
D:1:      shiori_arrival_elements, layout_basic,
          chequers_ecumenical_altar_simple
D:2:      layout_basic, kennysheep_generic_room_7
D:3:      layout_loops_ring, amcnicky_mini_pool_small, skrybe_limestone_x,
          nicolae_wormholes, uniq_ijyb, uniq_sigmund
D:4:      layout_rooms, zin_angel, pdpol_wu_jian_five_deadly_venoms,
          grunt_ministairs_7
D:5:      layout_basic
D:6:      layout_loops_ring, xom_butterflies, nicolae_overflow_hidden_temple,
          mainiacjoe_overflow_surrounded_room, minmay_temple_entry_slanted,
          serial_shops, shop, uniq_blork_the_orc

Skill      XL: |  1  2  3  4  5  6  7  8 |
---------------+-------------------------+-----
Shields        | 3 4 5 |  5.4
Unarmed Combat | 3 4 5 6 7 |  7.6
Fighting       | 3 4 5 |  5.0
Dodging        | |  2.4

Action                   |  1- 3 |  4- 6 |  7- 9 || total
-------------------------+-------+-------+-------++-------
Melee: Unarmed           |    89 |   178 |   129 ||   396
Invok: Lunge             |       |     6 |    12 ||    18
       Whirlwind         |       |       |     2 ||     2
  Use: Scroll            |       |     7 |       ||     7
 Stab: Sleeping          |     1 |     1 |       ||     2
Armor: Robe              |    32 |    41 |    11 ||    84
Dodge: Dodged            |    31 |    53 |    34 ||   118
Block: Kite shield       |    29 |    60 |    41 ||   130
